 Dungeon Crawl Stone Soup version 0.26-a0-611-g354ed81502 (webtiles) character file.

Game seed: 1452360030435181790

122126 Hastur the Slayer (level 16, -7/200 HPs)
             Began as an Ogre Necromancer on Sept 5, 2020.
             Was an Initiate of Gozag.
             Mangled by an Executioner (18 damage)
             ... summoned by Asterion
             ... on level 2 of the Lair of Beasts on Sept 6, 2020.
             The game lasted 03:04:22 (55970 turns).

Hastur the Slayer (Ogre Necromancer)               Turns: 55970, Time: 03:04:23

Health: -7/200     AC: 13    Str: 11    XL:     16   Next: 86%
Magic:  26/30      EV:  9    Int: 21    God:    Gozag
Gold:   1729       SH: 17    Dex:  9    Spells: 5/35 levels left

rFire    . . .     SeeInvis .   b - +9 demon trident (elec)
rCold    . . .     Faith    .   Z - +0 tower shield
rNeg     . . .     Spirit   .   L - +2 robe {MR+}
rPois    +         Reflect  .   U - +1 hat
rElec    +         Harm     .   d - +2 cloak {rPois}
rCorr    .                      (gloves unavailable)
MR       +++..                  (boots unavailable)
Stlth    +.........             e - amulet of magic regeneration
HPRegen  0.43/turn              q - +4 ring of protection
MPRegen  0.47/turn              G - ring of the Castellan {Wiz rElec MR+ Str-5}

@: about to teleport
A: large, unfitting armour, tough skin 1
a: Potion Petition, Call Merchant, Bribe Branch, Renounce Religion


You were on level 2 of the Lair of Beasts.
You worshipped Gozag.
Gozag was most pleased with you.
You visited 5 branches of the dungeon, and saw 25 of its levels.
You also visited: Gauntlet.

You collected 10025 gold pieces.
You spent 1527 gold pieces at shops.
You paid 6769 gold pieces to Gozag.

Inventory:

Hand Weapons
 b - a +9 demon trident of electrocution (weapon)
   (You took it off Louise on level 13 of the Dungeon)
 l - the +5 hand axe of Watchfulness {freeze, rN++}
   (You found it on level 7 of the Dungeon)

   It has been specially enchanted to freeze those struck by it, causing extra
   injury to most foes and up to half again as much damage against particularly
   susceptible opponents.
   It can also slow down cold-blooded creatures.
   It greatly protects you from negative energy.
 s - the +5 scimitar of the Realm of Zot {vorpal, rC+ Stlth+}
   (You found it in a Gauntlet)

   It inflicts extra damage upon your enemies.
   It protects you from cold.
   It makes you more stealthy.
Missiles
 p - 15 silver javelins (quivered)
 K - a throwing net {!f}
 W - 16 curare-tipped darts {!f}
Armour
 d - a +2 cloak of poison resistance (worn)
   (You bought it in a shop on level 9 of the Dungeon)
 H - +0 swamp dragon scales
   (You found it in a Gauntlet)
 L - a +2 robe of magic resistance (worn)
   (You took it off an orc sorcerer on level 2 of the Orcish Mines)
 M - a +2 kite shield of cold resistance
   (You bought it in a shop on level 2 of the Orcish Mines)
 U - a +1 hat (worn)
   (You found it on level 4 of the Lair of Beasts)
 Z - a +0 tower shield (worn)
   (You took it off Louise on level 13 of the Dungeon)
Magical Staves
 a - an uncursed staff of poison
   (You found it on level 10 of the Dungeon)
Jewellery
 e - an amulet of magic regeneration (around neck)
   (You found it on level 15 of the Dungeon)
 q - a +4 ring of protection (left hand)
   (You found it on level 3 of the Dungeon)
 r - an uncursed ring of positive energy
   (You found it on level 4 of the Dungeon)
 y - an uncursed ring of resist corrosion
   (You found it on level 3 of the Dungeon)
 z - an uncursed ring of see invisible
   (You took it off a balrug in a Gauntlet)
 G - the ring of the Castellan (right hand) {Wiz rElec MR+ Str-5}
   (You found it on level 14 of the Dungeon)

   [ring of wizardry]

   It improves your spell success rate.
   It affects your strength (-5).
   It insulates you from electricity.
   It affects your resistance to hostile enchantments.
 P - a +4 ring of evasion
   (You found it on level 15 of the Dungeon)
 Q - an uncursed ring of poison resistance
   (You found it on level 1 of the Lair of Beasts)
Wands
 c - a wand of disintegration (2)
   (You found it on level 10 of the Dungeon)
 u - a wand of paralysis (24)
   (You found it on level 10 of the Dungeon)
 v - a wand of digging (8)
   (You took it off Terence on level 3 of the Dungeon)
 x - a wand of acid (27)
   (You took it off a gnoll on level 9 of the Dungeon)
Scrolls
 f - 2 scrolls of teleportation {@r4}
 g - 6 scrolls of noise {!r}
 i - 13 scrolls of remove curse {@r2}
 j - 6 scrolls of immolation {!r}
 k - 4 scrolls of amnesia
 A - a scroll of magic mapping
 B - 4 scrolls of identify {@r1}
 C - 3 scrolls of fear
 F - 3 scrolls of vulnerability {!r}
 J - 3 scrolls of silence
 N - 2 scrolls of enchant armour
 R - a scroll of summoning
 S - 2 scrolls of fog
 T - a scroll of holy word
 V - a scroll of torment {!r}
 X - a scroll of blinking
Potions
 h - 10 potions of flight
 m - 4 potions of cancellation
 o - 2 potions of lignification {!q}
 t - a potion of heal wounds {@q2}
 w - 2 potions of might
 D - 3 potions of brilliance
 E - 2 potions of resistance
 I - 4 potions of mutation {!q}
 O - a potion of magic
 Y - 3 potions of curing {@q1}


   Skills:
 - Level 22.0 Fighting
 - Level 1.7 Dodging
 - Level 1.4 Stealth
 + Level 13.2 Shields
 - Level 10.0 Spellcasting
   Level 2.0 Summonings
 - Level 12.0 Necromancy
 - Level 3.0 Air Magic
 - Level 5.0 Earth Magic
 - Level 7.0 Poison Magic


You had 5 spell levels left.
You knew the following spells:

 Your Spells              Type           Power        Failure   Level
a - Borgnjor's Vile Clut  Necr/Erth      #####.....   3%          5
b - Ignite Poison         Fire/Tmut/Pois ###.....     4%          3
c - Death Channel         Necr           ######....   4%          6
d - Dispel Undead         Necr           ######..     1%          4
f - Mephitic Cloud        Conj/Pois/Air  ###.....     2%          3
q - Vampiric Draining     Necr           ######....   1%          3
x - Poisonous Vapours     Pois/Air       ####..       1%          2
y - Olgreb's Toxic Radia  Pois           #####...     2%          4

Your spell library contained the following spells:

 Spells                   Type           Power        Failure   Level
 Animate Skeleton         Necr           ######       1%          1
 Pain                     Necr           ####         1%          1
 Sandblast                Erth           ####..       1%          1
 Shock                    Conj/Air       ###.         1%          1
 Sting                    Tmut/Pois      ####         1%          1
 Corpse Rot               Necr/Air       N/A          1%          2
 Passwall                 Tmut/Erth      ###.....     1%          2
 Swiftness                Air            ###.....     1%          2
 Animate Dead             Necr           ######....   1%          4
 Agony                    Necr           ######..     1%          5
 Call Imp                 Summ           ###.....     2%          2
 Apportation              Tloc           ##....       4%          1
 Beastly Appendage        Tmut           ##....       4%          1
 Corona                   Hex            ##.....      4%          1
 Magic Dart               Conj           ##..         4%          1
 Call Canine Familiar     Summ           ###.....     4%          3
 Stone Arrow              Conj/Erth      ###...       4%          3
 Blink                    Tloc           N/A          6%          2
 Ensorcelled Hibernation  Hex/Ice        ##....       6%          2
 Slow                     Hex            ##......     6%          2
 Static Discharge         Conj/Air       ###.....     6%          3
 Airstrike                Air            ###.......   11%         4
 Confusing Touch          Hex            ##......     12%         3
 Conjure Flame            Conj/Fire      ##......     12%         3
 Dazzling Flash           Conj/Hex       ##....       12%         3
 Inner Flame              Hex/Fire       ##......     12%         3
 Lesser Beckoning         Tloc           ##........   12%         3
 Portal Projectile        Hex/Tloc       ##....       12%         3
 Tukima's Dance           Hex            ##......     12%         3
 Leda's Liquefaction      Hex/Erth       ###.......   13%         4
 Petrify                  Tmut/Erth      ###.....     13%         4
 Lee's Rapid Deconstruct  Erth           ####......   13%         5
 Alistair's Intoxication  Tmut/Pois      ####.....    24%         5
 Cause Fear               Hex            ##........   34%         4
 Bolt of Magma            Conj/Fire/Erth ###.......   45%         5
 Lightning Bolt           Conj/Air       ###.......   45%         5
 Silence                  Hex/Air        ###.......   45%         5
 Yara's Violent Unravell  Hex/Tmut       ##........   67%         5
 Simulacrum               Ice/Necr       #####.....   43%         6
 Eringya's Noxious Bog    Tmut/Pois      ####......   77%         6
 Iron Shot                Conj/Erth      ###.......   87%         6
 Statue Form              Tmut/Erth      ###......    87%         6
 Invisibility             Hex            ##......     99%         6
 Discord                  Hex            ##........   100%        8
 Dragon's Call            Summ           ###.......   100%        9
 Shatter                  Erth           ####......   100%        9


Dungeon Overview and Level Annotations

Branches:
Dungeon (15/15)            Temple (1/1) D:5            Lair (6/6) D:11
 Shoals (0/4) Lair:2       Spider (1/4) Lair:2        Slime (0/5) Lair:5
    Orc (2/2) D:9             Elf (0/3) Orc:2        Vaults (0/5) D:13
 Depths (0/5) D:15        Gauntlet (visited)

Altars:
Ashenzari
Cheibriados
Dithmenos
Elyvilon
Fedhas
Gozag
Hepliaklqana
Kikubaaqudgha
Makhleb
Nemelex Xobeh
Okawaru
Qazlal
Ru
Sif Muna
Trog
Uskayaw
Vehumet
Wu Jian
Xom
Yredelemnul
Zin
The Shining One

Shops:
D:4 [*[   D:9 [[   D:10 *[   D:11 [   D:12 (!*[   D:14 :   Orc:1 =
Orc:2 [*[=(   Lair:4 :

Annotations:
D:3 1 runed translucent door, Crazy Yiuf
D:8 2 transporters
Lair:2 Asterion


Innate Abilities, Weirdness & Mutations

You are too large for most types of armour.
You have tough skin. (AC +1)


Message History

* * * LOW HITPOINT WARNING * * *
You climb upwards.
Welcome back to the Lair of Beasts!
The green death disappears in a puff of smoke!
There is a hole to the Spider Nest, spattered with blood here.
Unknown command.
As you read the scroll of teleportation {@r4}, it crumbles to dust.
You feel strangely unstable.
You block the jumping spider's attack. x2
Asterion hits you with a +2 morningstar of holy wrath.
* * * LOW HITPOINT WARNING * * *
Asterion gores you!
* * * LOW HITPOINT WARNING * * *
The jumping spider pounces on you.
* * * LOW HITPOINT WARNING * * *
You block the jumping spider's attack.
The jumping spider leaps!
You block Asterion's attack. Asterion gores you!
* * * LOW HITPOINT WARNING * * *
Asterion utters an invocation to Makhleb.
Your magical contamination has completely faded away.
Unknown command.
Your surroundings suddenly seem different.
The Executioner gestures.
The Executioner seems to speed up.
The jumping spider leaps!
Asterion says, "Enter my house and I will deliver you from evil."
As you read the scroll of teleportation {@r4}, it crumbles to dust.
You feel strangely unstable.
The jumping spider leaps!
The jumping spider leaps!
You block the Executioner's attack. The Executioner hits you.
* * * LOW HITPOINT WARNING * * *
You block the Executioner's attack.
Your surroundings seem slightly different.
Unknown command.
As you read the scroll of teleportation {@r4}, it crumbles to dust.
You feel strangely unstable. The Executioner gestures at you.
You resist with almost no effort.
The jumping spider leaps!
The Executioner hits you but does no damage.
The Executioner hits you.
* * * LOW HITPOINT WARNING * * *
The Executioner hits you but does no damage.
You block the Executioner's attack.
The Executioner hits you but does no damage.
The Executioner hits you!
* * * LOW HITPOINT WARNING * * *
The Executioner hits you.
* * * LOW HITPOINT WARNING * * *
You block the Executioner's attack. The Executioner barely misses you.
The Executioner hits you!!
You die...
Your body crumbles into a pile of gold.

.......°...###
.............#
##........(.##
#..........### ###
#..........#P#####.#
##..........H[.....##
#.#.##.##+.........##
######...[.....1...P#
#.#.......#@...#
#.###.....#....#
#..##...###..### #
##...##.###...##
#####.....####.....#
<.........# #.....##
..........#####...##
........##...###..P#
.......###.....##.P#


You could see Asterion (fast) and an Executioner (summoned, fast).

Vanquished Creatures
  A fire giant (D:14)
  A balrug (Gauntlet)
  Louise (D:13)
  An orc warlord (Orc:1)
  An emperor scorpion (Lair:2)
  An ironheart preserver (D:13)
  The ghost of Soborki the Severer, a journeyman HOMo of Beogh (Lair:6)
  The ghost of Zoemiebi the Markscentaur, a journeyman CeHu of Okawaru (D:14)
  A minotaur (Gauntlet)
  Snorg (D:14)
  A death ooze (Gauntlet)
  Fannar (D:11)
  8 hydras
  6 centaur warriors (D:14)
  An ogre mage (D:15)
  4 catoblepae
  A death knight (D:12)
  A tengu warrior (D:13)
  8 two-headed ogres
  An orc high priest (Orc:2)
  10 death yaks
  A death drake (shapeshifter) (D:15)
  2 glowing orange brains (D:14)
  3 unseen horrors
  10 orc knights
  31 ugly things
  A wolf spider zombie (D:14)
  A wolf spider (Spider:1)
  An orb spider (Spider:1)
  4 manticores
  7 orc sorcerers
  4 cyclopes
  2 oklob plants (D:12)
  4 centaur zombies
  11 elephants
  5 black mambas
  3 naga magi (D:15)
  3 centaur skeletons
  An ice statue (Lair:3)
  2 torpor snails
  A gargoyle (D:14)
  A rime drake (Lair:5)
  A minotaur zombie (Gauntlet)
  A kobold demonologist (D:13)
  12 komodo dragons
  10 cane toads
  3 freezing wraiths
  A tengu conjurer (D:14)
  5 polar bears
  6 trolls
  2 hornets
  A hornet (shapeshifter) (D:15)
  7 slime creatures
  13 blink frogs
  2 meliai zombies
  10 dream sheep
  11 hippogriffs
  A centaur simulacrum (D:15)
  A spriggan (Lair:5)
  2 shadows
  A wraith (D:13)
  59 yaks
  A vampire (D:11)
  6 wyverns
  A hog (shapeshifter) (D:14)
  3 basilisks
  2 vampire mosquitoes
  5 wargs
  A soldier ant (D:14)
  12 water moccasins
  16 porcupines
  11 ice beasts
  2 hell hounds (Gauntlet)
  34 orc warriors
  A swamp drake (D:11)
  A sky beast (D:13)
  An eye of draining (D:12)
  6 black bears
  4 phantoms
  18 ogres
  15 wolves
  11 centaurs
  16 crocodiles
  3 big kobolds
  16 bullfrogs
  8 scorpions
  3 wyvern skeletons
  A water moccasin skeleton (D:11)
  6 killer bees
  4 wights (D:13)
  6 howler monkeys
  A bullfrog zombie (D:6)
  A quasit (D:8)
  21 orc priests
  7 jellies
  31 orc wizards
  5 hounds
  Terence (D:3)
  2 iguanas
  11 worker ants
  A hound zombie (D:6)
  A worker ant zombie (D:10)
  A howler monkey skeleton (D:9)
  10 adders
  4 gnolls (D:9)
  4 white imps
  2 ufetubi
  2 oozes
  4 adder skeletons
  An adder zombie (D:6)
  3 worms
  A dart slug (D:1)
  5 leopard geckos
  88 orcs
  8 bats
  3 giant cockroaches
  3 goblins
  16 hobgoblins
  27 kobolds
  4 quokkas
  5 frilled lizards
  A giant cockroach zombie (D:5)
  A leopard gecko zombie (D:8)
  5 rats
793 creatures vanquished.

Vanquished Creatures (collateral kills)
  An orc high priest (Orc:1)
  An orc knight (Orc:1)
  2 orc warriors
  A howler monkey (D:11)
5 creatures vanquished.

Vanquished Creatures (others)
  A shadow (D:14)
  A bush (Lair:6)
  55 fungi
  65 plants
  2 withered plants (Lair:6)
124 creatures vanquished.

Grand Total: 922 creatures vanquished

Notes
Turn   | Place    | Note
-------+----------+-------------------------------------------
     0 | D:1      | Hastur the Ogre Necromancer began the quest for the Orb.
     0 | D:1      | Reached XP level 1. HP: 16/16 MP: 3/3
    11 | D:1      | Learned a level 1 spell: Animate Skeleton
   166 | D:1      | Reached XP level 2. HP: 24/26 MP: 2/5
   211 | D:1      | Reached skill level 1 in Fighting
   632 | D:1      | Reached XP level 3. HP: 33/33 MP: 5/7
  1349 | D:2      | Learned a level 3 spell: Vampiric Draining
  1520 | D:2      | Found a hazy altar of Hepliaklqana.
  1522 | D:2      | Found a snail-covered altar of Cheibriados.
  1549 | D:2      | Found a hide-covered altar of Uskayaw.
  1634 | D:2      | Reached skill level 2 in Fighting
  1708 | D:2      | Reached XP level 4. HP: 40/42 MP: 8/8
  2039 | D:2      | Reached skill level 1 in Shields
  2614 | D:3      | Found a sacrificial altar of Ru.
  2818 | D:3      | Found a runed translucent door.
  2819 | D:3      | Noticed Crazy Yiuf
  2885 | D:3      | Found a bloodstained altar of Trog.
  2961 | D:3      | Noticed Terence
  2966 | D:3      | Killed Terence
  2966 | D:3      | Reached XP level 5. HP: 48/50 MP: 2/10
  3166 | D:4      | Found Ziron's Antique Armour Shoppe.
  3490 | D:4      | Reached skill level 3 in Fighting
  3490 | D:4      | Reached XP level 6. HP: 43/61 MP: 6/11
  3589 | D:4      | Noticed a phantom
  3932 | D:4      | Reached skill level 5 in Necromancy
  3952 | D:4      | Found a blossoming altar of Fedhas.
  4157 | D:4      | Killed a phantom
  4323 | D:4      | Found Voummore's General Store.
  4430 | D:4      | Found Loewiups's Antique Armour Emporium.
  4584 | D:5      | Entered Level 5 of the Dungeon
  4590 | D:5      | Reached XP level 7. HP: 65/68 MP: 6/13
  4653 | D:5      | Found a shimmering blue altar of Sif Muna.
  4654 | D:5      | Found an ornate altar of the Wu Jian Council.
  4654 | D:5      | Found an iron altar of Okawaru.
  4853 | D:4      | Reached skill level 4 in Fighting
  5287 | D:5      | Found a staircase to the Ecumenical Temple.
  5296 | Temple   | Entered the Ecumenical Temple
  5419 | Temple   | Became a worshipper of Gozag Ym Sagoz the Greedy
  5559 | D:5      | Learned a level 2 spell: Call Imp
  6383 | D:6      | Reached XP level 8. HP: 44/79 MP: 15/15
  6579 | D:6      | Reached skill level 5 in Fighting
  6579 | D:6      | Reached skill level 5 in Spellcasting
  7091 | D:6      | Reached skill level 1 in Summonings
  8554 | D:5      | HP: 4/83 [poisoned by an orc wizard]
  8562 | D:5      | HP: 4/83 [poisoned by an orc wizard]
  8570 | D:5      | HP: 4/83 [poisoned by an orc wizard]
  9044 | D:5      | Reached skill level 6 in Fighting
  9331 | D:7      | Noticed a wyvern
  9341 | D:6      | Killed a wyvern
  9341 | D:6      | Reached XP level 9. HP: 25/92 MP: 4/16
  9948 | D:7      | Got a smoking hand axe
 11028 | D:7      | Learned a level 2 spell: Poisonous Vapours
 11162 | D:7      | Reached skill level 7 in Fighting
 11459 | D:8      | Reached skill level 5 in Shields
 11459 | D:8      | Reached skill level 1 in Poison Magic
 11638 | D:8      | Noticed a two-headed ogre
 11654 | D:8      | Killed a two-headed ogre
 11654 | D:8      | Reached skill level 8 in Fighting
 12083 | D:8      | Found a transporter.
 12090 | D:8      | Found an ancient bone altar of Kikubaaqudgha.
 12094 | D:8      | Found a sparkling altar of Nemelex Xobeh.
 12107 | D:8      | Found a transporter.
 12377 | D:8      | Reached XP level 10. HP: 82/106 MP: 2/17
 12566 | D:8      | Identified the +5 hand axe of Watchfulness {freeze, rN++}
                  | (You found it on level 7 of the Dungeon)
 13285 | D:9      | Found a shadowy altar of Dithmenos.
 13473 | D:9      | Noticed a two-headed ogre
 13519 | D:9      | Reached skill level 1 in Air Magic
 13562 | D:9      | Killed a two-headed ogre
 13562 | D:9      | Reached skill level 9 in Fighting
 14204 | D:9      | Learned a level 3 spell: Mephitic Cloud
 15108 | D:9      | Found a staircase to the Orcish Mines.
 16284 | D:10     | Entered Level 10 of the Dungeon
 16469 | D:10     | Identified the Almanac of Unstable Unholy Arts
 16476 | D:10     | Learned a level 4 spell: Dispel Undead
 16823 | D:10     | Reached skill level 10 in Fighting
 17027 | D:10     | Found Bunaut's General Store.
 17406 | D:10     | Reached XP level 11. HP: 95/119 MP: 5/18
 17591 | D:10     | Killed an unseen horror
 17591 | D:10     | Reached skill level 11 in Fighting
 18360 | D:11     | Noticed Fannar
 18386 | D:11     | Killed Fannar
 18386 | D:11     | Reached skill level 12 in Fighting
 18649 | D:11     | Learned a level 4 spell: Olgreb's Toxic Radiance
 19080 | D:11     | Reached skill level 13 in Fighting
 19312 | D:11     | Found a staircase to the Lair.
 19821 | D:11     | Found a stormy altar of Qazlal.
 20183 | D:11     | Noticed a purple ugly thing
 20236 | D:11     | Killed a purple ugly thing
 20236 | D:11     | Reached skill level 5 in Poison Magic
 20631 | Orc:1    | Entered Level 1 of the Orcish Mines
 20648 | Orc:1    | Noticed an orc knight
 20895 | D:9      | Killed an orc knight
 21037 | Orc:1    | Noticed an orc sorcerer
 21058 | Orc:1    | Killed an orc sorcerer
 21058 | Orc:1    | Reached skill level 14 in Fighting
 21276 | Orc:1    | Reached XP level 12. HP: 135/139 MP: 11/19
 21398 | Orc:1    | Found Ysyts's Jewellery Shop.
 21645 | Orc:2    | Entered Level 2 of the Orcish Mines
 22538 | Orc:2    | Noticed an orc high priest
 22560 | Orc:2    | Killed an orc high priest
 22818 | Orc:2    | Paralysed by an orc sorcerer for 7 turns
 23091 | Orc:2    | Paralysed by an orc sorcerer for 2 turns
 23693 | Orc:2    | Reached skill level 15 in Fighting
 23901 | Orc:2    | Paralysed by an orc sorcerer for 4 turns
 24395 | Orc:2    | Noticed a sun demon
 24402 | Orc:2    | Noticed an orc high priest
 24469 | Orc:2    | Noticed a sun demon
 24506 | Orc:1    | Killed an orc high priest
 25175 | Orc:2    | Noticed an orc warlord
 25376 | Orc:1    | Killed an orc warlord
 25376 | Orc:1    | Reached skill level 16 in Fighting
 25791 | Orc:2    | Found a staircase to the Elven Halls.
 26249 | Orc:2    | Found Beqyli's Antique Weapon Emporium.
 26287 | Orc:2    | Found Osuss's Jewellery Shoppe.
 26401 | Orc:2    | Found Foteemoz's Antique Armour Shoppe.
 26440 | Orc:2    | Found Poub's General Store.
 27014 | Orc:1    | Reached XP level 13. HP: 146/153 MP: 10/25
 27220 | Orc:2    | Bought a runed kite shield for 232 gold pieces
 27275 | D:9      | Bought a runed cloak for 255 gold pieces
 27287 | D:9      | Learned a level 3 spell: Ignite Poison
 27378 | Lair:1   | Entered Level 1 of the Lair of Beasts
 29291 | Lair:2   | Reached skill level 17 in Fighting
 29357 | Lair:2   | Found a staircase to the Shoals.
 29924 | Lair:2   | Found a hole to the Spider Nest.
 30668 | Lair:3   | Reached skill level 10 in Spellcasting
 31995 | Lair:3   | Reached skill level 18 in Fighting
 33416 | Lair:3   | Identified the Collected Works on the Flying Escort
 34085 | Lair:4   | Reached skill level 19 in Fighting
 34225 | Lair:4   | Reached XP level 14. HP: 172/172 MP: 28/28
 34887 | Lair:4   | Reached skill level 20 in Fighting
 35662 | Lair:4   | Bought a book of Unlife for 1040 gold pieces
 35670 | Lair:4   | Learned a level 5 spell: Borgnjor's Vile Clutch
 35932 | Lair:5   | Reached skill level 1 in Earth Magic
 36696 | Lair:5   | Found a staircase to the Slime Pits.
 37154 | Lair:6   | Entered Level 6 of the Lair of Beasts
 37181 | Lair:6   | HP: 3/176 [polar bear (6)]
 37803 | Lair:6   | Found a runed translucent door.
 37804 | Lair:6   | Noticed Soborki's ghost (journeyman HOMo)
 38613 | Lair:6   | Identified the +10 arbalest "Akloth" {penet, rF- rN+++
                  | Str+5} (You found it on level 6 of the Lair of Beasts)
 39425 | Lair:6   | Reached XP level 15. HP: 179/185 MP: 14/29
 39437 | Lair:6   | Reached skill level 21 in Fighting
 39448 | Lair:6   | Reached skill level 10 in Necromancy
 40261 | Lair:6   | Got a crude bronze ring
 40268 | Lair:6   | Identified the ring "Pecudwed" {Fire +Blink Str-4 Int+7
                  | Dex-3} (You found it on level 6 of the Lair of Beasts)
 40599 | Lair:6   | Killed Soborki's ghost
 40815 | D:12     | Found Reifaiwu's Distillery.
 40844 | D:12     | Found a gate leading to a gauntlet.
 40857 | Gauntlet | Entered a Gauntlet
 40857 | Gauntlet | Found a transporter.
 40857 | Gauntlet | Found a transporter.
 40872 | Gauntlet | Found a transporter.
 40872 | Gauntlet | Found a transporter.
 40875 | Gauntlet | Found a transporter.
 40875 | Gauntlet | Found a transporter.
 40885 | Gauntlet | Found a transporter.
 40889 | Gauntlet | Found a transporter.
 40904 | Gauntlet | Found a transporter.
 40904 | Gauntlet | Found a transporter.
 40910 | Gauntlet | Noticed a balrug
 40923 | Gauntlet | Found a transporter.
 40927 | Gauntlet | Found a transporter.
 41328 | Gauntlet | Identified the ring "Byfigufoups" {*Tele rN+++ Str+8 Int-3
                  | Dex-4} (You found it in a Gauntlet)
 41421 | Gauntlet | Killed a balrug
 41797 | Gauntlet | Reached skill level 5 in Earth Magic
 42498 | Gauntlet | Identified the +5 scimitar of the Realm of Zot {vorpal, rC+
                  | Stlth+} (You found it in a Gauntlet)
 43887 | D:12     | Found Ruechekh's Antique Weapon Boutique.
 44483 | D:12     | Found Irphoar's Assorted Antiques.
 44571 | D:12     | Found Ucwug's Antique Armour Emporium.
 44734 | D:12     | Found a blossoming altar of Fedhas.
 46778 | D:13     | Found a gate to the Vaults.
 47560 | D:14     | Noticed Louise
 47633 | D:13     | Killed Louise
 48647 | D:14     | Reached skill level 22 in Fighting
 49145 | D:14     | Reached XP level 16. HP: 167/200 MP: 30/30
 49486 | D:14     | Reached skill level 10 in Shields
 49490 | D:14     | Noticed Snorg
 49501 | D:14     | Killed Snorg
 51094 | D:14     | Found a runed translucent door.
 51096 | D:14     | Noticed Zoemiebi's ghost (journeyman CeHu)
 51114 | D:14     | Killed Zoemiebi's ghost
 51128 | D:14     | Identified the ring of the Castellan {Wiz rElec MR+ Str-5}
                  | (You found it on level 14 of the Dungeon)
 51410 | D:15     | Entered Level 15 of the Dungeon
 51422 | D:14     | Learned a level 6 spell: Death Channel
 53669 | D:15     | Found a staircase to the Depths.
 53737 | D:15     | Found a snail-covered altar of Cheibriados.
 54974 | Spider:1 | Entered Level 1 of the Spider Nest
 55074 | Spider:1 | Noticed Asterion
 55963 | Lair:2   | Noticed an Executioner
 55970 | Lair:2   | Mangled by an Executioner

Illustrated notes

Levels and vault maps discovered:
D:1:      lightli_arrival_maybe_door_vault, layout_basic
D:2:      layout_loops_ring, grunt_temple_overflow_open, grunt_decor_arrowhead
D:3:      layout_rooms, lemuel_round_altar, lemuel_doored_altar,
          grunt_decor_resistance, uniq_terence, uniq_crazy_yiuf_cottage
D:4:      layout_rooms, fedhas_altar_1, serial_shops,
          nicolae_shop_overgrown_old_shop, kennysheep_little_box, shop,
          minmay_unequal
D:5:      layout_layer_cave, chequers_temple_overflow_statue_of_worship,
          minmay_temple_entry_antechambers
D:6:      minmay_skewed_foursquare, layout_cave_pods
D:7:      layout_loops_ring
D:8:      layout_layer_cave, gammafunk_temple_overflow_arena
D:9:      layout_cave_pools, old_standard_altar, hiddenorc2_lemuel,
          serial_rivers, chequers_serial_rivers_micro_c,
          chequers_serial_rivers_small_b, chequers_serial_rivers_room_b,
          chequers_serial_rivers_micro_d, chequers_serial_rivers_micro_c
D:10:     layout_roguey, serial_shops, shop
D:11:     layout_rooms, erik_lair_dragon, nicolae_qazlal_eye_of_the_storm,
          uniq_fannar
D:12:     layout_cave_pools, gauntlet_entry_generic, serial_shops,
          nicolae_shop_temple_entry_statues_fountains, shop,
          kennysheep_mini_moat, nicolae_shop_stone, hangedman_tree_tricks
D:13:     layout_rooms, skrybe_vaults_entry_preservation
D:14:     minmay_the_grid_4x2 [minmay_the_grid_spin_star,
          minmay_the_grid_odd_star, minmay_the_grid_fan,
          minmay_the_grid_large_cup, minmay_the_grid_rooms,
          minmay_the_grid_plusring, minmay_the_grid_pillar_ring,
          minmay_the_grid_prize_four_corners], layout_cave_pools,
          ebering_ghost_inner_flame, hangedman_glass_teeth, uniq_louise,
          uniq_snorg
D:15:     grunt_enter_depths_magical_seal, layout_basic, serial_park_tiny_1,
          basic_altar
Temple:   compressed_dpeg_circular_temple
Lair:1:   layout_hall_layers, small_statue_intersection,
          minmay_shattered_shrine, infiniplex_staircase_pool
Lair:2:   layout_roguey, minmay_shoals_entry_beasts, dummy_spider_entry,
          minivault_19, grunt_megastairs_4, serial_bayou_shore_b
Lair:3:   layout_layer_cave, ice2_lemuel
Lair:4:   layout_cave_shapes
Lair:5:   layout_cave_pods, minmay_slime_entry_pillars,
          chequers_serial_rivers_micro_c, grunt_forest_stairs_clearing
Lair:6:   evilmike_catoblepas_cave, layout_regular_city, gammafunk_ghost_grave,
          lookout_lair_type, st_stairs_10
Spider:1: layout_spider_delve, einodemon_crawler_minivault, uniq_jorgrun,
          uniq_asterion
Orc:1:    cheibrodos_orc_arena, layout_diamond_mine, serial_shops, shop
Orc:2:    grunt_orc_gardens, layout_caves, grunt_orc_garden, grunt_orc_garden,
          grunt_orc_garden, grunt_orc_garden, statue_in_the_mist_lemuel

Skill      XL: |  1  2  3  4  5  6  7  8  9 10 11 12 13 14 15 16 |
---------------+-------------------------------------------------+-----
Fighting       | 1 2 3 4 6 8 10 14 16 19 20 22 | 22.0
Necromancy     | 4 5 6 7 8 9 12 | 12.0
Spellcasting   | 3 4 5 8 10 | 10.0
Shields        | 1 2 3 4 6 9 13 | 13.2
Summonings     | 2 |  2.0
Poison Magic   | 3 5 7 |  7.0
Air Magic      | 3 |  3.0
Earth Magic    | 3 5 |  5.0
Dodging        | |  1.7
Stealth        | |  1.4

Action                   |  1- 3 |  4- 6 |  7- 9 | 10-12 | 13-15 | 16-18 || total
-------------------------+-------+-------+-------+-------+-------+-------++-------
Melee: Unarmed           |     2 |       |       |       |       |       ||     2
       Short sword       |     3 |     7 |       |       |       |       ||    10
       Hand axe          |       |    29 |   147 |   130 |    15 |       ||   321
       Staff             |       |       |       |   127 |   438 |    80 ||   645
       Scimitar          |       |       |       |       |    16 |       ||    16
       Demon trident     |       |       |       |       |       |   196 ||   196
Throw: Javelin           |       |       |       |     4 |       |       ||     4
 Cast: Pain              |    78 |    70 |    90 |    10 |    29 |       ||   277
       Vampiric Draining |       |     9 |    43 |     8 |    10 |       ||    70
       Call Imp          |       |       |    20 |    21 |     4 |       ||    45
       Poisonous Vapours |       |       |    23 |   415 |   307 |    36 ||   781
       Mephitic Cloud    |       |       |       |    31 |   117 |    51 ||   199
       Olgreb's Toxic Ra |       |       |       |    48 |   138 |    39 ||   225
       Dispel Undead     |       |       |       |     5 |    37 |    10 ||    52
       Ignite Poison     |       |       |       |       |    92 |    38 ||   130
       Borgnjor's Vile C |       |       |       |       |    13 |     1 ||    14
Invok: Call Merchant     |       |       |       |     2 |     4 |     1 ||     7
Evoke: Wand              |       |       |       |     8 |     6 |       ||    14
  Use: Scroll            |       |     6 |     9 |     8 |    20 |    18 ||    61
       Potion            |       |       |       |     1 |     6 |     1 ||     8
 Stab: Confused          |       |       |       |     4 |       |     3 ||     7
       Sleeping          |       |       |       |     1 |       |       ||     1
       Distracted        |       |       |       |       |     3 |     1 ||     4
Armor: Robe              |     1 |    22 |    89 |   100 |   282 |   105 ||   599
       Skin              |       |       |       |     9 |       |       ||     9
Dodge: Dodged            |    11 |    17 |   127 |   163 |   350 |    96 ||   764
Block: Kite shield       |       |     4 |    14 |   158 |   532 |   227 ||   935
       Tower shield      |       |       |       |       |       |    18 ||    18
       Rpst.: Scimitar   |       |       |       |       |     1 |       ||     1

Table legend: (Time is in decaauts)
 A = Elapsed time spent in this place.
 B = Non-inter-level travel time spent in this place.
 C = Inter-level travel time spent in this place.
 D = Time resting spent in this place.
 E = Time spent auto-exploring this place.
 F = Levels seen in this place.
 G = Mean time per level.
                   A        B        C        D        E       F      G
               +--------+--------+--------+--------+--------+-----+--------+
         Total |  56369 |  54830 |   1539 |  25953 |  18139 |  26 | 2168.0 |
       Dungeon |  34071 |  33095 |    976 |  15821 |  10917 |  15 | 2271.4 |
        Temple |    133 |    124 |      9 |      0 |     90 |   1 |  133.0 |
          Lair |  14196 |  13799 |    397 |   5281 |   5926 |   6 | 2366.0 |
   Spider Nest |    135 |    135 |      0 |     13 |     47 |   1 |  135.0 |
  Orcish Mines |   6162 |   6006 |    156 |   3790 |    994 |   2 | 3081.0 |
      Gauntlet |   1669 |   1669 |      0 |   1048 |    164 |   1 | 1669.0 |
               +--------+--------+--------+--------+--------+-----+--------+

Top non-repeatable levels by time:
   Orc:1: 4066 daAuts
    D:14: 3755 daAuts
    D:11: 3560 daAuts
  Lair:6: 3516 daAuts
    D:13: 2908 daAuts
  Lair:2: 2844 daAuts
     D:8: 2812 daAuts
     D:9: 2712 daAuts
    D:15: 2543 daAuts
     D:5: 2489 daAuts
     D:6: 2469 daAuts
    D:12: 2297 daAuts
    D:10: 2181 daAuts
  Lair:3: 2127 daAuts
   Orc:2: 2096 daAuts
